 Seeded DCSS version 0.29.1 (webtiles) character file.

Game seed: 14428118820870677870 (custom seed)

9 GigaChad the Covered (level 2, 0/27 HPs)
             Began as a Minotaur Fighter on Sept 14, 2022.
             Succumbed to a kobold's poison
             ... on level 3 of the Dungeon.
             The game lasted 00:00:20 (72 turns).

GigaChad the Covered (Minotaur Fighter)               Turns: 72, Time: 00:00:20

Health: 0/27       AC:  7    Str: 20    XL:     2   Next: 6%
Magic:  1/1        EV:  9    Int:  5    God:
Gold:   0          SH:  4    Dex:  9    Spells: 1/1 levels left

rFire   . . .      SeeInvis .   a - +0 long sword
rCold   . . .      Faith    .   c - +0 buckler
rNeg    . . .      Spirit   .   b - +0 scale mail
rPois   .          Reflect  .   (helmet restricted)
rElec   .          Harm     .   (no cloak)
rCorr   .          Rampage  .   (no gloves)
Will    .....                   (no boots)
Stlth   ..........              (no amulet)
HPRegen 0.09/turn               (no ring)
MPRegen 0.07/turn               (no ring)

@: lethally poisoned (0 -> -3)
A: horns 2, retaliatory headbutt
a: no special abilities


You were on level 3 of the Dungeon.
You visited 1 branch of the dungeon, and saw 3 of its levels.

Inventory:

Hand Weapons
 a - a +0 long sword (weapon)
Armour
 b - a +0 scale mail (worn)
 c - a +0 buckler (worn)
Potions
 d - a potion of might


   Skills:
 + Level 3.7 Fighting
 + Level 2.4 Long Blades
 + Level 4.1 Armour
 + Level 3.9 Shields


You had one spell level left.
You didn't know any spells.
Your spell library was empty.

Dungeon Overview and Level Annotations

Branches:
Dungeon (3/15)

Altars:


Innate Abilities, Weirdness & Mutations

You have a pair of horns on your head.
You reflexively headbutt those who attack you in melee.


Message History

The kobold throws a stone.
The stone hits you.
The kobold throws a stone.
The stone completely misses you.
A hobgoblin comes into view.
The hobgoblin shouts!
The kobold throws a stone.
You block the stone.
The kobold throws a stone.
The stone barely misses you. You block the kobold's attack.
The kobold barely misses you. The hobgoblin hits you.
You closely miss the kobold.
The kobold hits you with a +1 dagger of venom.
You are poisoned.
The hobgoblin closely misses you.
You barely miss the kobold. Your headbutt misses the kobold.
You feel sick. You block the kobold's attack. The hobgoblin closely misses you.
The kobold hits you but does no damage.
You are lethally poisoned!
The hobgoblin hits you but does no damage.
You hit the kobold. Your headbutt misses the kobold.
The kobold is severely wounded.
* * * LOW HITPOINT WARNING * * *
You feel very sick. You block the kobold's attack.
The hobgoblin hits you but does no damage.
You closely miss the kobold.
The kobold is severely wounded.
* * * LOW HITPOINT WARNING * * *
You feel very sick. The kobold barely misses you.
The hobgoblin closely misses you.
You slash the kobold!
You kill the kobold!
* * * LOW HITPOINT WARNING * * *
You feel sick. The hobgoblin hits you.
* * * LOW HITPOINT WARNING * * *
The hobgoblin misses you. The hobgoblin attacks as you move away!
You block the hobgoblin's attack.
* * * LOW HITPOINT WARNING * * *
You feel sick.
Things that are here:
a +1 dagger of venom; 3 stones You die...

.............
##......####...#
#..##†.# ......#
.#...<†.#
.......
#....###.#
.......
#..#.###†#
......#
........#.#
.....# >
........##.....#
......#.<@....#
......#..).#..#
######...g....#
#!........#
#......$..#
#..........#
#.#.........#
#............#
#!.#............


You could see a hobgoblin.

Vanquished Creatures
  A worm (D:3)
  A dart slug (D:3)
  A hobgoblin (D:3)
  A kobold (D:3)
  A bat (D:3)
5 creatures vanquished.

Notes
Turn   | Place    | Note
-------+----------+-------------------------------------------
     0 | D:1      | GigaChad the Minotaur Fighter began the quest for the Orb.
     0 | D:1      | Reached XP level 1. HP: 19/19 MP: 0/0
    41 | D:3      | Reached skill level 4 in Armour
    52 | D:3      | Reached XP level 2. HP: 14/27 MP: 1/1
    71 | D:3      | HP: 1/27 [poisoned by a kobold]
    72 | D:3      | Succumbed to a kobold's poison

Illustrated notes

Levels and vault maps discovered:
D:1:      dpeg_arrival_lava_temple_mockup, layout_loops_corners,
          ebering_ecumenical_altar_hall, minmay_stone_trees_medium,
          chequers_serial_rivers_room_b
D:2:      layout_loops_cross, basic_altar, dk_noncrumbling_4, minivault_4,
          uniq_sigmund
D:3:      layout_rooms, lemuel_coloured_pillars_altar,
          minmay_randomly_rotated_circles, uniq_crazy_yiuf_cottage,
          uniq_terence, uniq_ijyb

Skill      XL: |  1 |
---------------+----+-----
Armour         | 4 |  4.1
Fighting       | |  3.7
Long Blades    | |  2.4
Shields        | |  3.9

Action                   || total
-------------------------++-------
Melee: Long sword        ||    22
       Headbutt          ||     1
Armor: Scale mail        ||    18
Dodge: Dodged            ||    14
Block: Buckler           ||    10
